General information
- name: BNet
- type: Ladder team game (AT/RT)
- host: Battle.net
- saver: HoldTheLine
map: Deadlock
- players: 8
- length: 30:15
- speed: Fast
- version: 1.28 W3XP
- replay type: Public
» download(202 KB)
Players
team 1 (winner)
Walkerer (
pink | 57 APM | 1587 actions | 28:02)
7 Blademaster
3 Wind Walk
3 Critical Strike
1 Bladestorm
1 Shadow Hunter
1 Hex
» actions
| Assign group hotkey | 50 | |
| Basic commands | 5 | |
| Build / train | 55 | |
| ESC pressed | 3 | |
| Enter build submenu | 11 | |
| Enter hero's abilities submenu | 8 | |
| Give item / drop item | 4 | |
| Right click | 1043 | |
| Select / deselect | 249 | |
| Select group hotkey | 96 | |
| Use ability | 63 | |
1587 total
» units
| Peon | 7 | |
| Grunt | 11 | |
| Raider | 1 | |
| Chimaera | 1 | |
20 total
» upgrades
| Ensnare | 1 | |
| Berserker Strength | 1 | |
2 total
» buildings
| Altar of Storms | 1 | |
| Orc Burrow | 4 | |
| Barracks | 1 | |
| Stronghold | 4 | |
| Voodoo Lounge | 1 | |
| Beastiary | 1 | |
| Fortress | 2 | |
| War Mill | 1 | |
15 total
» build order
00:04 Altar of Storms
00:19 Orc Burrow
00:36 Barracks
01:36 Orc Burrow
02:36 Stronghold
02:36 Stronghold
02:36 Stronghold
03:27 Voodoo Lounge
03:32 Orc Burrow
05:07 Beastiary
06:16 Fortress
07:40 War Mill
08:31 Orc Burrow
» items
| Dust of Appearance | 1 | |
| Healing Salve | 3 | |
| Lesser Clarity Potion | 1 | |
| Scroll of Speed | 2 | |
| Orb of Lightning | 1 | |
| Tiny Great Hall | 1 | |
9 total
FREDFLINSTONE (
purple | 54 APM | 1585 actions | 29:15)
4 Blademaster
2 Wind Walk
2 Critical Strike
» actions
| Assign group hotkey | 34 | |
| Basic commands | 38 | |
| Build / train | 53 | |
| Enter build submenu | 20 | |
| Enter hero's abilities submenu | 4 | |
| Give item / drop item | 4 | |
| Right click | 614 | |
| Select / deselect | 146 | |
| Select group hotkey | 591 | |
| Use ability | 80 | |
1585 total
» units
| Peon | 15 | |
| Troll Batrider | 14 | |
| Chimaera | 2 | |
31 total
» upgrades
| Reinforced Defenses | 1 | |
| Ranged Weapons | 2 | |
| Liquid Fire | 1 | |
| Corrosive Breath | 1 | |
5 total
» buildings
| Altar of Storms | 1 | |
| Orc Burrow | 5 | |
| War Mill | 1 | |
| Voodoo Lounge | 1 | |
| Watch Tower | 10 | |
| Stronghold | 2 | |
| Great Hall | 3 | |
| Beastiary | 2 | |
| Fortress | 2 | |
27 total
» build order
00:08 Altar of Storms
00:20 Orc Burrow
00:39 War Mill
01:13 Voodoo Lounge
01:52 Watch Tower
02:12 Watch Tower
02:59 Stronghold
02:59 Stronghold
03:28 Watch Tower
03:37 Orc Burrow
03:37 Orc Burrow
03:40 Orc Burrow
04:38 Great Hall
04:54 Watch Tower
05:27 Watch Tower
05:28 Watch Tower
06:23 Watch Tower
06:38 Beastiary
06:56 Beastiary
07:46 Fortress
08:08 Watch Tower
08:48 Watch Tower
10:35 Watch Tower
10:45 Orc Burrow
23:43 Great Hall
23:47 Great Hall
» items
| Healing Salve | 1 | |
| Lesser Clarity Potion | 1 | |
| Staff of Teleportation | 2 | |
| Potion of Invisibility | 1 | |
| Potion of Healing | 1 | |
| Potion of Mana | 1 | |
7 total
HoldTheLine (
yellow | 49 APM | 1484 actions | 30:15)
» actions
| Assign group hotkey | 52 | |
| Basic commands | 29 | |
| Build / train | 54 | |
| Enter build submenu | 72 | |
| Give item / drop item | 1 | |
| Remove unit from queue | 1 | |
| Right click | 545 | |
| Select / deselect | 357 | |
| Select group hotkey | 262 | |
| Use ability | 111 | |
1484 total
» units
| Peon | 26 | |
| Troll Batrider | 10 | |
| Troll Witch Doctor | 1 | |
37 total
» upgrades
| Ranged Weapons | 3 | |
| Armor | 3 | |
| Reinforced Defenses | 1 | |
| Liquid Fire | 1 | |
| Strength of the Wild | 1 | |
| Well Spring | 1 | |
| Spiked Barricades | 1 | |
| Witch Doctor Training | 1 | |
| Ultravision | 1 | |
13 total
» buildings
| Orc Burrow | 3 | |
| War Mill | 2 | |
| Watch Tower | 45 | |
| Stronghold | 1 | |
| Great Hall | 1 | |
| Beastiary | 4 | |
| Voodoo Lounge | 1 | |
| Altar of Storms | 1 | |
| Fortress | 1 | |
| Hunter's Hall | 2 | |
| Spirit Lodge | 1 | |
| Moon Well | 3 | |
| Tree of Life | 1 | |
66 total
» build order
00:18 Orc Burrow
00:59 War Mill
01:04 Orc Burrow
02:26 Watch Tower
02:26 Watch Tower
02:33 Watch Tower
03:15 Watch Tower
03:17 Watch Tower
03:54 Stronghold
04:10 Watch Tower
04:20 Watch Tower
04:35 Great Hall
04:44 Watch Tower
04:46 Watch Tower
04:46 Watch Tower
04:58 Watch Tower
05:00 Watch Tower
05:59 Watch Tower
06:00 Watch Tower
06:09 Orc Burrow
06:17 Beastiary
06:18 Beastiary
06:49 Watch Tower
06:56 Watch Tower
07:39 Voodoo Lounge
07:50 Altar of Storms
08:03 Beastiary
08:19 Beastiary
08:54 Fortress
09:08 War Mill
11:24 Watch Tower
11:29 Watch Tower
11:29 Watch Tower
11:33 Watch Tower
13:41 Watch Tower
13:41 Watch Tower
13:42 Watch Tower
13:47 Watch Tower
13:47 Watch Tower
13:47 Watch Tower
13:49 Watch Tower
15:01 Watch Tower
15:01 Watch Tower
15:01 Watch Tower
15:01 Watch Tower
15:02 Watch Tower
15:48 Watch Tower
15:48 Watch Tower
16:25 Watch Tower
16:25 Watch Tower
18:03 Watch Tower
18:04 Watch Tower
18:04 Watch Tower
18:04 Watch Tower
18:04 Watch Tower
18:05 Watch Tower
18:05 Watch Tower
18:27 Hunter's Hall
18:39 Spirit Lodge
18:46 Hunter's Hall
19:38 Moon Well
19:39 Moon Well
19:40 Moon Well
21:09 Watch Tower
21:10 Watch Tower
24:00 Tree of Life
» items
MaxT (
teal | 35 APM | 428 actions | 12:06)
3 Demon Hunter
1 Immolation
2 Evasion
» actions
| Assign group hotkey | 1 | |
| Basic commands | 21 | |
| Build / train | 39 | |
| ESC pressed | 1 | |
| Enter build submenu | 19 | |
| Enter hero's abilities submenu | 3 | |
| Right click | 187 | |
| Select / deselect | 125 | |
| Select group hotkey | 6 | |
| Use ability | 26 | |
428 total
» units
» upgrades
| Strength of the Wild | 2 | |
| Reinforced Hides | 2 | |
4 total
» buildings
| Altar of Elders | 2 | |
| Moon Well | 5 | |
| Ancient of War | 2 | |
| Hunter's Hall | 1 | |
| Tree of Ages | 1 | |
| Ancient Protector | 2 | |
| Tree of Eternity | 1 | |
| Ancient of Wind | 1 | |
| Chimaera Roost | 2 | |
| Tree of Life | 1 | |
18 total
» build order
00:20 Altar of Elders
00:35 Moon Well
01:25 Ancient of War
01:57 Hunter's Hall
02:12 Moon Well
02:28 Ancient of War
02:58 Moon Well
03:26 Tree of Ages
03:43 Ancient Protector
04:01 Altar of Elders
04:15 Ancient Protector
05:47 Tree of Eternity
07:00 Moon Well
07:26 Moon Well
07:45 Ancient of Wind
09:01 Chimaera Roost
09:02 Chimaera Roost
10:31 Tree of Life
team 2 (loser)
blazinglory (
red | 121 APM | 2767 actions | 22:48)
3 Blademaster
2 Wind Walk
1 Critical Strike
1 Shadow Hunter
1 Hex
1 Pit Lord
1 Howl of Terror
» actions
| Assign group hotkey | 169 | |
| Basic commands | 117 | |
| Build / train | 90 | |
| Enter build submenu | 33 | |
| Enter hero's abilities submenu | 5 | |
| Give item / drop item | 1 | |
| Remove unit from queue | 1 | |
| Right click | 1031 | |
| Select / deselect | 250 | |
| Select group hotkey | 964 | |
| Use ability | 106 | |
2767 total
» units
| Peon | 22 | |
| Grunt | 6 | |
| Troll Headhunter/Berserker | 9 | |
| Shaman | 3 | |
40 total
» upgrades
| Ranged Weapons | 1 | |
| Shaman Training | 2 | |
| Troll Regeneration | 1 | |
| Berserker Upgrade | 1 | |
| Armor | 1 | |
| Reinforced Defenses | 1 | |
7 total
» buildings
| Altar of Storms | 1 | |
| Orc Burrow | 9 | |
| Barracks | 2 | |
| Voodoo Lounge | 1 | |
| Stronghold | 2 | |
| Great Hall | 1 | |
| War Mill | 1 | |
| Fortress | 2 | |
| Spirit Lodge | 2 | |
| Watch Tower | 12 | |
33 total
» build order
00:11 Altar of Storms
00:15 Orc Burrow
00:43 Barracks
01:44 Orc Burrow
02:06 Voodoo Lounge
03:03 Stronghold
03:57 Orc Burrow
04:31 Great Hall
04:39 War Mill
04:43 Orc Burrow
07:53 Fortress
08:00 Spirit Lodge
08:04 Spirit Lodge
09:06 Orc Burrow
10:09 Barracks
10:12 Orc Burrow
10:51 Watch Tower
11:30 Watch Tower
11:36 Watch Tower
13:40 Watch Tower
13:43 Watch Tower
13:47 Watch Tower
13:50 Watch Tower
13:51 Watch Tower
14:19 Orc Burrow
15:02 Watch Tower
15:10 Orc Burrow
15:14 Watch Tower
15:18 Orc Burrow
16:29 Watch Tower
16:59 Watch Tower
» items
| Scroll of Speed | 1 | |
| Healing Salve | 5 | |
| Boots of Speed | 2 | |
| Orb of Lightning | 2 | |
| Tiny Great Hall | 3 | |
| Scroll of Healing | 2 | |
| Potion of Lesser Invulnerability | 1 | |
| Scroll of Town Portal | 1 | |
| Circlet of Nobility | 1 | |
| Scroll of Protection | 1 | |
| Lesser Clarity Potion | 1 | |
20 total
Imatool (
orange | 46 APM | 1393 actions | 30:15)
4 Archmage
1 Blizzard
1 Brilliance Aura
2 Summon Water Elemental
1 Mountain King
1 Storm Bolt
» actions
| Basic commands | 89 | |
| Build / train | 97 | |
| Enter build submenu | 39 | |
| Enter hero's abilities submenu | 5 | |
| Right click | 719 | |
| Select / deselect | 387 | |
| Use ability | 54 | |
1393 total
» units
| Peasant | 25 | |
| Footman | 3 | |
| Rifleman | 8 | |
| Mortar Team | 1 | |
| Flying Machine | 5 | |
| Siege Engine | 14 | |
56 total
» upgrades
| Masonry | 3 | |
| Gunpowder | 3 | |
| Lumber Harvesting | 1 | |
| Plating | 3 | |
| Barrage | 1 | |
11 total
» buildings
| Barracks | 1 | |
| Altar of Kings | 1 | |
| Farm | 9 | |
| Lumber Mill | 2 | |
| Scout Tower | 19 | |
| Arcane Tower | 2 | |
| Arcane Vault | 1 | |
| Town Hall | 1 | |
| Blacksmith | 1 | |
| Keep | 1 | |
| Guard Tower | 11 | |
| Workshop | 2 | |
| Castle | 1 | |
52 total
» build order
00:15 Barracks
00:21 Altar of Kings
00:28 Farm
01:08 Farm
01:42 Lumber Mill
01:48 Lumber Mill
01:50 Farm
02:02 Scout Tower
02:29 Farm
02:32 Arcane Tower
02:47 Arcane Vault
04:17 Town Hall
04:20 Scout Tower
04:52 Arcane Tower
05:08 Blacksmith
05:49 Keep
06:46 Scout Tower
07:09 Scout Tower
07:14 Guard Tower
07:16 Scout Tower
07:26 Scout Tower
07:35 Farm
08:02 Guard Tower
08:03 Scout Tower
08:19 Guard Tower
08:22 Guard Tower
08:36 Farm
09:16 Workshop
09:20 Workshop
10:22 Castle
10:55 Scout Tower
11:01 Scout Tower
11:03 Scout Tower
11:06 Guard Tower
11:07 Scout Tower
11:07 Scout Tower
11:08 Scout Tower
11:34 Guard Tower
11:37 Guard Tower
11:38 Guard Tower
11:58 Farm
12:02 Farm
12:04 Farm
15:54 Guard Tower
15:55 Guard Tower
15:57 Guard Tower
18:41 Scout Tower
18:43 Scout Tower
18:44 Scout Tower
18:45 Scout Tower
18:46 Scout Tower
18:49 Scout Tower
» items
| Scroll of Regeneration | 1 | |
| Boots of Speed | 1 | |
| Potion of Lesser Invulnerability | 1 | |
| Scroll of Town Portal | 2 | |
| Scroll of Speed | 1 | |
| Orb of Fire | 1 | |
7 total
LETSJAM (
green | 101 APM | 3044 actions | 30:15)
6 Blademaster
3 Wind Walk
2 Critical Strike
1 Bladestorm
2 Shadow Hunter
1 Healing Wave
1 Hex
» actions
| Assign group hotkey | 88 | |
| Basic commands | 276 | |
| Build / train | 93 | |
| Enter build submenu | 38 | |
| Enter hero's abilities submenu | 8 | |
| Give item / drop item | 10 | |
| Right click | 1121 | |
| Select / deselect | 332 | |
| Select group hotkey | 949 | |
| Use ability | 129 | |
3044 total
» units
» upgrades
| Berserker Strength | 1 | |
| Pillage | 1 | |
| Armor | 3 | |
| Ranged Weapons | 3 | |
| Reinforced Defenses | 1 | |
| Envenomed Spears | 1 | |
| Melee Weapons | 2 | |
| Spiked Barricades | 2 | |
| Troll Regeneration | 1 | |
| Ensnare | 1 | |
| Liquid Fire | 1 | |
| War Drums Damage Increase | 1 | |
| Berserker Upgrade | 1 | |
| Burning Oil | 1 | |
20 total
» buildings
| Orc Burrow | 6 | |
| Barracks | 1 | |
| Altar of Storms | 1 | |
| Voodoo Lounge | 1 | |
| Stronghold | 4 | |
| War Mill | 1 | |
| Great Hall | 2 | |
| Watch Tower | 16 | |
| Fortress | 3 | |
| Beastiary | 2 | |
37 total
» build order
00:12 Orc Burrow
01:06 Barracks
01:08 Altar of Storms
01:20 Orc Burrow
01:36 Voodoo Lounge
03:04 Stronghold
03:04 Stronghold
03:05 Stronghold
03:47 War Mill
04:34 Great Hall
05:13 Watch Tower
05:20 Watch Tower
05:26 Watch Tower
06:16 Watch Tower
06:39 Fortress
06:40 Fortress
07:04 Orc Burrow
07:48 Beastiary
08:31 Beastiary
08:47 Watch Tower
09:51 Watch Tower
11:22 Watch Tower
11:45 Orc Burrow
12:22 Watch Tower
12:32 Orc Burrow
13:42 Watch Tower
13:44 Orc Burrow
17:38 Watch Tower
17:39 Watch Tower
17:40 Watch Tower
22:09 Great Hall
23:56 Watch Tower
23:57 Watch Tower
23:58 Watch Tower
23:58 Watch Tower
» items
| Healing Salve | 3 | |
| Lesser Clarity Potion | 5 | |
| Staff of Teleportation | 2 | |
| Periapt of Vitality | 2 | |
| Scroll of Town Portal | 1 | |
| Orb of Lightning | 1 | |
| Tiny Great Hall | 1 | |
| Dust of Appearance | 1 | |
16 total

»
Chrisdude (
blue | 62 APM | 1511 actions | 24:21)
6 Tauren Chieftain
1 War Stomp
3 Endurance Aura
1 Shockwave
1 Reincarnation
1 Blademaster
1 Critical Strike
» actions
| Assign group hotkey | 27 | |
| Basic commands | 29 | |
| Build / train | 59 | |
| Enter build submenu | 13 | |
| Enter hero's abilities submenu | 7 | |
| Right click | 622 | |
| Select / deselect | 302 | |
| Select group hotkey | 367 | |
| Use ability | 84 | |
1511 total
» units
| Peon | 9 | |
| Grunt | 7 | |
| Razormane Medicine Man | 1 | |
| Raider | 9 | |
26 total
» upgrades
| Melee Weapons | 3 | |
| Armor | 2 | |
| Berserker Strength | 1 | |
| Ensnare | 1 | |
7 total
» buildings
| Altar of Storms | 1 | |
| Orc Burrow | 7 | |
| Barracks | 1 | |
| Voodoo Lounge | 1 | |
| Stronghold | 1 | |
| War Mill | 1 | |
| Fortress | 1 | |
| Beastiary | 2 | |
| Watch Tower | 7 | |
22 total
» build order
00:12 Altar of Storms
00:16 Orc Burrow
00:57 Barracks
01:43 Orc Burrow
02:02 Voodoo Lounge
03:13 Orc Burrow
04:41 Stronghold
04:45 War Mill
07:10 Fortress
07:15 Beastiary
07:22 Beastiary
07:28 Orc Burrow
11:12 Watch Tower
11:13 Watch Tower
11:14 Watch Tower
11:15 Watch Tower
11:56 Orc Burrow
11:57 Orc Burrow
11:58 Orc Burrow
16:09 Watch Tower
16:10 Watch Tower
16:11 Watch Tower
» items
| Healing Salve | 3 | |
| Scroll of Speed | 1 | |
| Lesser Clarity Potion | 3 | |
| Orb of Lightning | 2 | |
| Tiny Great Hall | 2 | |
| Scroll of Town Portal | 2 | |
| Potion of Healing | 2 | |
15 total
Chat log
(00:31 / All) HoldTheLine: HOLD THE LINE
(00:35 / All) HoldTheLine: LOVE ISNT ALWAYS ON TIME
(00:39 / All) HoldTheLine: WHOA WHOA WHOA
(00:43 / All) HoldTheLine: HOLD THE LIIINNE
(00:46 / All) HoldTheLine: LOVE ISNT ON TIME
(00:49 / All) Imatool: foriengner?
(00:50 / All) HoldTheLine: LOVE ISNT ON TIIIIME!
(00:53 / All) HoldTheLine: Toto
(01:00 / All) Imatool: i c
(01:11 / All) HoldTheLine: same dudes that did the africa song
(02:00 / Allies) FREDFLINSTONE: pink be a pal and clear me an expo plz
(02:48 / All) HoldTheLine: GONNA TAKE A LOUT TO DRAG ME AWAY FROM U
(02:51 / Allies) FREDFLINSTONE: stay pink
(02:55 / All) HoldTheLine: THERES NOTHING THAT A HUNDRED MEN OR MORE COULD EVER DO
(03:00 / All) HoldTheLine: I BLESS THE RAINS DOWN IN AFRICA
(03:07 / All) HoldTheLine: GONNA TAKE SOME TIME TO DO THE THINGS WE NEVER HAAAVE
(03:51 / All) FREDFLINSTONE: truce red? we leave u alone u leav eus?
(03:53 / Allies) Walkerer: get over here purp
(04:57 / Allies) MaxT: get a hero yellow
(05:02 / Allies) MaxT: first one is free
(05:10 / Allies) HoldTheLine: 5 food not worth it!
(05:22 / Allies) MaxT: \
(05:33 / Allies) Walkerer: sick rp
(05:51 / Allies) MaxT: y u pause?
(06:38 / Allies) MaxT: in cmoing
(07:43 / Allies) HoldTheLine: forgot shop lel
(08:17 / Allies) FREDFLINSTONE: wood plz
(10:28 / Allies) Walkerer: i don't know why i ever trusted you with that expo
(10:50 / All) LETSJAM: raped
(10:55 / All) FREDFLINSTONE: wood plz
(13:14 / Allies) HoldTheLine: tank with bm
(14:15 / Allies) HoldTheLine: tank jake
(14:23 / Allies) HoldTheLine: nvm
(15:31 / Allies) HoldTheLine: someone take teal
(15:57 / All) LETSJAM: Orange doesn't want to give me his pendant of energy
(16:01 / All) LETSJAM: he's so selfish
(16:03 / All) blazinglory: stop
(16:05 / All) LETSJAM: I told him our team has to lose if he won't
(16:12 / All) LETSJAM: and he rather the whole team lose than give me my pendant
(19:26 / Allies) HoldTheLine: fucking retard
(19:29 / Allies) HoldTheLine: let me get the chims out
(20:44 / All) FREDFLINSTONE: seriously i never get allies like oj and blue that defend my base from bats
(20:48 / All) FREDFLINSTONE: they stayed at reds main forever
(20:50 / All) LETSJAM: I made it very simple for you orange
(20:54 / Allies) HoldTheLine: lets take out red base
(20:55 / All) LETSJAM: you could have given me one item and won
(20:57 / Allies) HoldTheLine: need heroes to tank
(21:01 / All) LETSJAM: but the item wasn't worth the win to you
(21:06 / All) LETSJAM: your team wasn't worth it to you
(21:40 / Allies) FREDFLINSTONE: blue is right htere
(21:41 / Allies) FREDFLINSTONE: behind us
(22:14 / All) FREDFLINSTONE: seriously do u guys ever get allies like oj and blue
(22:19 / All) FREDFLINSTONE: that defend ur base from bats
(22:27 / All) HoldTheLine: no
(22:27 / All) HoldTheLine: lawl
(22:30 / All) HoldTheLine: I always get shitheads
(22:48 / All) HoldTheLine: they'll let me die 3v1 when we could have crushed them and countered to win
(22:51 / All) HoldTheLine: then we all die one by one
(23:14 / All) FREDFLINSTONE: cmon orange
(23:17 / All) FREDFLINSTONE: lets not be apoor sport
(23:20 / All) FREDFLINSTONE: out please
(23:32 / All) FREDFLINSTONE: we won fair and square
(24:31 / All) LETSJAM: Orange is "afk"
(24:38 / All) LETSJAM: the first time he went afk he was still fighting back against me
(25:08 / All) FREDFLINSTONE: he just cant admit me, yellow, and pink owned him
(26:21 / Allies) Walkerer: faggots
(26:26 / All) FREDFLINSTONE: lawl
(26:59 / Allies) Walkerer: lets make this one last boys
(27:50 / All) LETSJAM: raped
(27:51 / All) FREDFLINSTONE: LOL
(27:52 / All) FREDFLINSTONE: NOOB
(27:58 / All) Walkerer: cute
(27:58 / All) FREDFLINSTONE: that was quickest bm kill ever
(27:59 / All) Walkerer: gg boys
(28:05 / All) LETSJAM: lol
(28:06 / All) HoldTheLine: TT
(28:24 / All) FREDFLINSTONE: gonna rape bobs hall with my hero
(29:02 / All) HoldTheLine: Bad news orange